 Dungeon Crawl Stone Soup version 0.20.1-1-g8b1a95d (webtiles) character file.

131 RicketyTrickster the Cutter (level 5, -2/49 HPs)
             Began as a Kobold Berserker on July 4, 2017.
             Was a Believer of Trog.
             Slain by Grinder (6 damage)
             ... on level 4 of the Dungeon.
             The game lasted 00:09:32 (2537 turns).

RicketyTrickster the Cutter (Kobold Berserker)      Turns: 2537, Time: 00:09:33

Health: -2/49      AC:  3    Str: 21    XL:     5   Next: 37%
Magic:  5/5        EV: 17    Int:  8    God:    Trog [**....]
Gold:   167        SH:  0    Dex: 14    Spells: 4/4 levels left

rFire    + + .     SeeInvis .   l - +1 dagger (speed)
rCold    . . .     Gourm    .   (shield restricted)
rNeg     . . .     Faith    .   o - +0 leather armour
rPois    .         Spirit   .   (no helmet)
rElec    .         Reflect  .   (no cloak)
rCorr    +         Harm     .   (no gloves)
MR       .....                  (no boots)
Stlth    ..........             (no amulet)
Regen    0.6/turn               k - ring of protection from fire
MPRegen  0.1/turn               h - ring of resist corrosion

@: berserking, lethally poisoned (-2 -> -4), very quick
A: repulsion field 1, carnivore 3, fire resistance 1, regeneration 1
a: Berserk, Trog's Hand, Burn Spellbooks, Renounce Religion


You were on level 4 of the Dungeon.
You worshipped Trog.
Trog was pleased with you.
You were very full.

You visited 1 branch of the dungeon, and saw 4 of its levels.

You collected 167 gold pieces.

Inventory:

Hand Weapons
 l - a +1 dagger of speed (weapon)
Armour
 o - a +0 leather armour (worn)
Jewellery
 h - a ring of resist corrosion (right hand)
 k - a ring of protection from fire (left hand)
Scrolls
 d - 2 scrolls of identify
 e - 3 scrolls of teleportation
 g - 4 scrolls of remove curse
Potions
 b - a potion of agility
 f - 2 potions of heal wounds
 j - 2 potions of curing
Comestibles
 c - 3 meat rations
 i - 3 chunks of flesh


   Skills:
 + Level 4.0 Fighting
 + Level 6.0 Short Blades
 + Level 1.6 Armour
 + Level 3.5 Dodging
 + Level 1.5 Stealth


You had 4 spell levels left.
You didn't know any spells.

Dungeon Overview and Level Annotations

Branches:
Dungeon (4/15)
 Temple: D:4-7

Altars:

Annotations:
D:4 Grinder


Innate Abilities, Weirdness & Mutations

You are small and have problems with some larger weapons.
You are carnivorous and can eat meat at any time.
You are surrounded by a mild repulsion field. (EV +2)
Your flesh is heat resistant. (rF+)
Your natural rate of healing is unusually fast.


Message History

Grinder is moderately wounded.
The worker ant bites you.
* * * LOW HITPOINT WARNING * * *
You barely miss Grinder.
Grinder is moderately wounded.
You hit Grinder.
Grinder is heavily wounded.
You feel sick. Grinder misses you.
You closely miss Grinder.
Grinder is heavily wounded.
The worker ant bites you.
* * * LOW HITPOINT WARNING * * *
You hit Grinder.
Grinder is severely wounded.
You hit Grinder.
Grinder is severely wounded.
You feel sick. Grinder hits you.
* * * LOW HITPOINT WARNING * * *
You writhe in agony.
You die...

. . #####.
......#######.#.
#.....<........
#.####..####.#
#.####..####.#
#<......(......
#.##.@5.#.##.##
#.a..#.#
.........
#.###.#.#.## #
#.#.#.# ..... .
.##.##.# .


You could see Grinder and a worker ant.

Vanquished Creatures
  Terence (D:3)
  3 adders (D:2)
  An ooze (D:1)
  A worm (D:2)
  4 dart slugs
  3 leopard geckos
  5 orcs (D:3)
  A ball python (D:2)
  3 giant cockroaches (D:1)
  9 goblins
  5 hobgoblins
  3 jackals (D:3)
  2 bats
  A frilled lizard (D:1)
  8 kobolds
  4 rats
54 creatures vanquished.

Notes
Turn   | Place    | Note
-------+----------+-------------------------------------------
     0 | D:1      | RicketyTrickster the Kobold Berserker began the quest for the Orb.
     0 | D:1      | Reached XP level 1. HP: 14/14 MP: 1/1
   149 | D:1      | Reached XP level 2. HP: 14/19 MP: 2/2
   615 | D:1      | Reached XP level 3. HP: 24/24 MP: 3/3
   669 | D:1      | Gained mutation: Your flesh is heat resistant. (rF+) [potion of mutation]
   669 | D:1      | Gained mutation: You are surrounded by a mild repulsion field. (EV +2) [potion of mutation]
   669 | D:1      | Gained mutation: Your natural rate of healing is unusually fast. [potion of mutation]
  1245 | D:2      | Reached skill level 5 in Short Blades
  1260 | D:2      | Reached XP level 4. HP: 20/29 MP: 4/4
  1261 | D:2      | Reached ** piety under Trog
  1261 | D:2      | Reached skill level 1 in Stealth
  1577 | D:2      | You fall through a shaft!
  1905 | D:3      | Reached XP level 5. HP: 32/33 MP: 5/5
  1981 | D:3      | Noticed Terence
  1998 | D:3      | Killed Terence
  2092 | D:3      | Reached skill level 6 in Short Blades
  2522 | D:4      | Noticed Grinder
  2537 | D:4      | Slain by Grinder

Skill      XL: |  1  2  3  4  5 |
---------------+----------------+-----
Short Blades   | 5 6 |  6.0
Dodging        | 3 |  3.5
Stealth        | 1 |  1.5
Fighting       | 4 |  4.0
Armour         | |  1.6

Action                   |  1- 3 |  4- 6 || total
-------------------------+-------+-------++-------
Melee: Short sword       |    38 |       ||    38
       Dagger            |    66 |   150 ||   216
Invok: Berserk           |     3 |     3 ||     6
  Use: Scroll            |     4 |     1 ||     5
       Potion            |     3 |     3 ||     6
 Stab: Sleeping          |     1 |     1 ||     2
  Eat: Chunk             |    11 |     7 ||    18
Armor: Animal skin       |     8 |     1 ||     9
       Leather armour    |       |     6 ||     6
Dodge: Dodged            |    47 |    58 ||   105
